 Dungeon Crawl Stone Soup version 0.30.1-4-g462c640d31 (webtiles) character file.

Game seed: 1864280427236851750

686 H0rd4k the Insei (level 7, 0/45 HPs)
             Began as an Octopode Artificer on Sept 12, 2023.
             Slain by an orc warrior
             ... wielding a +0 long sword of electrocution
              (16 damage)
             ... on level 5 of the Dungeon.
             The game lasted 00:04:04 (3618 turns).

H0rd4k the Insei (Octopode Artificer)               Turns: 3618, Time: 00:04:05

Health: 0/45       AC:  1    Str: 11    XL:     7   Next: 62%
Magic:  25/25      EV: 14    Int: 15    God:
Gold:   133        SH:  0    Dex: 13    Spells: 6/6 levels left

rFire   . .          .
                       - Unarmed
rCold   . . .        (no shield)
rNeg    . . .        (helmet restricted)
rPois   .            (no amulet)
rElec   .            d - ring of magical power
rCorr   .            k - ring of magical power
SInv    .            (no ring)
Will    .....        (no ring)
Stlth   +++          (no ring)
HPRegen 0.27/turn    (no ring)
MPRegen 0.19/turn    (no ring)
                     (no ring)

%: no passive effects
@: no status effects
A: almost no armour, amphibious, 8 rings, camouflage 1, gelatinous body 1,
(nimble swimmer 1), tentacles
a: no special abilities


You were on level 5 of the Dungeon.
You visited 1 branch of the dungeon, and saw 5 of its levels.

You collected 133 gold pieces.

Inventory:

Missiles
 t - 5 poisoned darts
Jewellery
 d - a ring of magical power (left tentacle)
 k - a ring of magical power (right tentacle)
Wands
 b - a wand of flame (5) (quivered)
 c - a wand of charming (6)
 q - a wand of paralysis (1)
Scrolls
 f - a scroll of immolation {unknown}
 i - a scroll of teleportation {unknown}
 m - 2 scrolls of vulnerability {unknown}
 n - 4 scrolls of identify {unknown}
Potions
 a - a potion of attraction {unknown}
 e - a potion of invisibility {unknown}
 g - a potion of lignification {unknown}
 h - 4 potions of flight {unknown}
 j - a potion of curing
 l - 2 potions of mutation {unknown}
 o - 2 potions of magic {unknown}
 p - a potion of heal wounds {unknown}
 r - 3 potions of brilliance {unknown}
 s - a potion of haste {unknown}
 u - a potion of might {unknown}


   Skills:
 + Level 2.2 Fighting
 + Level 4.7 Dodging
 - Level 1.3 Stealth
 + Level 5.2 Unarmed Combat
 + Level 5.2 Evocations


You had 6 spell levels left.
You didn't know any spells.
Your spell library contained the following spells:

 Spells                   Type           Power      Damage    Failure   Level
 Sandblast                Erth           0%         2d4       26%         1
 Passwall                 Tmut/Erth      0%         N/A       38%         2
 Poisonous Vapours        Pois/Air       0%         N/A       38%         2
 Hailstorm                Conj/Ice       0%         3d3       63%         3
 Mephitic Cloud           Conj/Pois/Air  0%         N/A       63%         3
 Stone Arrow              Conj/Erth      0%         3d7       63%         3
 Ice Form                 Ice/Tmut       0%         N/A       95%         4
 Freezing Cloud           Conj/Ice/Air   0%         6-21      100%        5
 Simulacrum               Ice/Necr       0%         N/A       100%        6


Dungeon Overview and Level Annotations

Branches:
Dungeon (5/15)
 Temple: D:4-7

Altars:
Trog

Shops:
D:1 !

Annotations:
D:4 exclusion: upstairs


Innate Abilities, Weirdness & Mutations

You cannot wear most types of armour.
You are amphibious.
You can wear up to eight rings at the same time.
Your skin changes colour to match your surroundings (Stealth+).
Your rubbery body absorbs attacks. (AC +1, EV +1)
((You are camouflaged when in or above water. (Stealth+)))
You have tentacles for arms and can constrict up to eight enemies at once.


Message History

An orc comes into view. It is wielding a +0 hand axe.
The orc shouts!
The orc priest shouts!
You hear a shout!
You see here a +0 robe.
An orc warrior comes into view.
It is wielding a +0 long sword of electrocution.
The orc hits you with a +0 dagger of draining.
You feel drained.
You barely miss the orc. Your grab misses the orc. You tentacle-slap the orc.
Your grab misses the orc.
The orc is heavily wounded.
The orc priest calls down the wrath of Beogh upon you.
Beogh smites you!
You tentacle-slap the orc but do no damage.
Your grab misses the orc.
An orc wizard comes into view. It is wielding a +0 dagger.
You barely miss the orc. Your grab misses the orc. You squeeze the orc!
You kill the orc!
You barely miss the orc. Your grab misses the orc. You squeeze the orc.
You kill the orc!
You closely miss the orc priest. Your grab misses the orc priest.
The orc priest misses you.
You barely miss the orc priest. You grab the orc priest.
You squeeze the orc priest!
The orc priest is heavily wounded.
You constrict the orc priest.
The orc priest hits you with a +0 dagger.
You tentacle-slap the orc priest. You squeeze the orc priest.
You kill the orc priest!
Your life force feels restored.
You tentacle-slap the orc warrior. Your grab misses the orc warrior.
The orc warrior is lightly wounded.
An orc comes into view. It is wielding a +0 mace.
The orc warrior hits you with a +0 long sword of electrocution.
You are electrocuted!
Aiming: Charm
Press: ? - help, Shift-Dir - straight line, f - orc warrior
Aim: an orc warrior, wielding a +0 long sword of electrocution and wearing a +0 plate armour (lightly wounded, chance to affect: 62%)
The orc warrior resists with significant effort.
The orc shouts!
The orc warrior hits you with a +0 long sword of electrocution!
You die...

#o# #.# #.# #.. #.#
#o# ### #o# ..# #@#
#.# #[# #.# #.# #.#
#####.###.#
##.###.........#
.######...#...##.#####
........#<.......#
#######...#[..####
######.##


You could see an orc warrior, an orc wizard and an orc.

Vanquished Creatures
  Grinder (D:4)
  Edmund (D:4)
  An ogre (D:4)
  A hound (D:4)
  An orc priest (D:5)
  Ijyb (D:4)
  An iguana (D:4)
  An orc wizard (D:4)
  4 adders
  2 worms (D:4)
  4 dart slugs
  3 orcs
  5 endoplasms
  A giant cockroach (D:1)
  11 goblins
  6 hobgoblins
  2 jackals (D:1)
  2 quokkas
  6 ball pythons
  5 bats
  A frilled lizard (D:2)
  8 kobolds
  4 rats
72 creatures vanquished.

Vanquished Creatures (collateral kills)
  An orc priest (D:4)
  An orc (D:4)
  An endoplasm (D:4)
  A hobgoblin (D:4)
  2 jackals (D:4)
6 creatures vanquished.

Vanquished Creatures (others)
  An orc wizard (D:4)
1 creature vanquished.

Grand Total: 79 creatures vanquished

Notes
Turn   | Place    | Note
-------+----------+-------------------------------------------
     0 | D:1      | H0rd4k the Octopode Artificer began the quest for the Orb.
     0 | D:1      | Reached XP level 1. HP: 13/13 MP: 1/1
   166 | D:1      | Reached XP level 2. HP: 14/18 MP: 2/2
   415 | D:1      | Reached XP level 3. HP: 15/23 MP: 3/3
   490 | D:1      | Found Peov's Distillery.
   890 | D:1      | Reached skill level 1 in Unarmed Combat
  1465 | D:2      | Reached XP level 4. HP: 28/28 MP: 4/4
  2189 | D:4      | Reached XP level 5. HP: 18/33 MP: 5/5
  2201 | D:4      | Found a bloodstained altar of Trog.
  2210 | D:4      | Noticed Grinder
  2322 | D:4      | Noticed Ijyb
  2333 | D:4      | Killed Ijyb
  2458 | D:4      | Killed Grinder
  2459 | D:4      | Reached XP level 6. HP: 3/39 MP: 6/6
  2908 | D:4      | Reached XP level 7. HP: 45/45 MP: 7/7
  2938 | D:4      | Noticed Edmund
  3056 | D:4      | Killed Edmund
  3057 | D:4      | Reached skill level 5 in Unarmed Combat
  3057 | D:4      | Reached skill level 5 in Evocations
  3589 | D:5      | Entered Level 5 of the Dungeon
  3618 | D:5      | Slain by an orc warrior

Illustrated notes

Levels and vault maps discovered:
D:1:      roderic_octagonal_star, layout_basic, serial_shops, shop, minivault_23
D:2:      layout_loops_ring, minmay_misc_feat_five
D:3:      layout_loops_cross, kennysheep_nondescript
D:4:      layout_basic, mainiacjoe_overflow_catwalk, skrybe_limestone_x,
          minmay_fractal_squares_5, uniq_ijyb, uniq_edmund, uniq_grinder
D:5:      old_forge, layout_loops_ring

Skill      XL: |  1  2  3  4  5  6  7 |
---------------+----------------------+-----
Dodging        | 3 4 |  4.7
Unarmed Combat | 1 2 4 5 |  5.2
Evocations     | 4 5 |  5.2
Fighting       | 2 |  2.2
Stealth        | |  1.3

Action                     |  1- 3 |  4- 6 |  7- 9 || total
---------------------------+-------+-------+-------++-------
  Melee: Unarmed           |   113 |    65 |    44 ||   222
         Constrict         |    30 |    14 |     6 ||    50
         Tentacles         |    26 |    16 |    13 ||    55
         Punch             |     1 |     2 |     1 ||     4
  Evoke: Wand              |       |    20 |     7 ||    27
   Stab: Sleeping          |    15 |     1 |     3 ||    19
         Paralysed         |       |     6 |    12 ||    18
 Armour: Skin              |     2 |     5 |     1 ||     8
  Dodge: Dodged            |    52 |    55 |    14 ||   121
